 Dungeon Crawl Stone Soup version 0.22-a0-40-g3d2f077 (webtiles) character file.

9037 tidbits the Reanimator (level 11, -2/81 HPs)
             Began as a Gnoll Necromancer on Jan 4, 2018.
             Was an Elder of Cheibriados.
             Slain by a centaur warrior
             ... wielding the +7 short sword of Kaizxu {flame, Int+3}
              (11 damage)
             ... on level 13 of the Dungeon.
             The game lasted 00:29:32 (3249 turns).

tidbits the Reanimator (Gnoll Necromancer)          Turns: 3249, Time: 00:29:32

Health: -2/81      AC:  3    Str: 19    XL:     11   Next: 40%
Magic:  18/32      EV: 20    Int: 30    God:    Cheibriados [****..]
Gold:   343        SH:  0    Dex: 25    Spells: 6/26 levels left

rFire    . . .     SeeInvis .   d - +0 dagger
rCold    . . .     Gourm    .   D - +2 buckler
rNeg     . . .     Faith    .   B - +0 robe
rPois    .         Spirit   .   (helmet restricted)
rElec    .         Reflect  .   (no cloak)
rCorr    .         Harm     .   (no gloves)
MR       .....                  (no boots)
Stlth    ++........             (no amulet)
HPRegen  0.23/turn              F - ring of magical power
MPRegen  0.23/turn              (no ring)

@: confused, very slow
A: distributed training, antennae 1, fangs 1, large bone plates 1, blink, shaggy
fur 1, strong nose
a: Blink, Bend Time, Temporal Distortion, Slouch, Renounce Religion


You were on level 13 of the Dungeon.
You worshipped Cheibriados.
Cheibriados was greatly pleased with you.
You were not hungry.

You visited 2 branches of the dungeon, and saw 14 of its levels.

You collected 343 gold pieces.

Inventory:

Hand Weapons
 a - a +0 whip of electrocution
   (You took it off an orc on level 6 of the Dungeon)
 b - a +4 scimitar of flaming
   (You took it off Erica on level 9 of the Dungeon)
 d - a +0 dagger (weapon)
 e - a +0 club
 m - a +0 short sword
 o - a +0 spear
 s - a +0 hunting sling
 x - a +2 whip of pain
   (You took it off an orc on level 5 of the Dungeon)
 M - a +2 short sword of venom
   (You took it off a kobold on level 9 of the Dungeon)
Missiles
 i - 55 arrows
 l - 8 javelins (quivered)
 t - 13 sling bullets
 u - 60 stones
 y - 9 tomahawks
Armour
 B - a +0 robe (worn)
 D - a +2 buckler (worn)
 E - a +0 helmet
Magical Staves
 w - an uncursed staff of death {unknown}
   (You found it on level 5 of the Dungeon)
 A - a cursed staff of air {unknown}
   (You found it on level 7 of the Dungeon)
 J - an uncursed staff of air {unknown}
   (You found it on level 12 of the Dungeon)
Jewellery
 F - a ring of magical power (left hand)
   (You found it on level 13 of the Dungeon)
Wands
 j - a wand of flame (25)
 v - a wand of iceblast (2)
 H - a wand of enslavement (13)
 O - a wand of polymorph (13)
Scrolls
 g - 2 scrolls of enchant weapon
 n - a scroll of random uselessness
 p - 2 scrolls of enchant armour
 q - 2 scrolls of noise
 r - a scroll of remove curse
 G - a scroll of blinking {unknown}
 I - a scroll of amnesia {unknown}
 Q - 2 scrolls of brand weapon {unknown}
 T - a scroll of magic mapping
Potions
 f - 3 potions of curing
 h - 2 potions of cancellation
 z - 4 potions of haste
 L - a potion of berserk rage {unknown}
 P - a potion of brilliance
 S - a potion of lignification {unknown}
 V - a potion of flight
Books
 k - a book of Clouds
   (You found it on level 7 of the Dungeon)

   Spells                             Type                      Level
   a - Poisonous Vapours              Poison/Air                   2
   b - Mephitic Cloud                 Conjuration/Poison/Air       3
   c - Conjure Flame                  Conjuration/Fire             3
   d - Freezing Cloud                 Conjuration/Ice/Air          6
   e - Ring of Flames                 Charms/Fire                  7
 N - a book of Geomancy
   (You found it on level 9 of the Dungeon)

   Spells                             Type                      Level
   a - Sandblast                      Earth                        1
   b - Passwall                       Transmutation/Earth          2
   c - Stone Arrow                    Conjuration/Earth            3
   d - Petrify                        Transmutation/Earth          4
   e - Lee's Rapid Deconstruction     Earth                        5
 R - a book of Necromancy

   Spells                             Type                      Level
   a - Pain                           Necromancy                   1
   b - Animate Skeleton               Necromancy                   1
   c - Vampiric Draining              Necromancy                   3
   d - Regeneration                   Charms/Necromancy            3
   e - Animate Dead                   Necromancy                   4
   f - Borgnjor's Vile Clutch         Necromancy/Earth             5
Comestibles
 c - 15 rations


   Skills:
 + Level 6.1 Fighting
 + Level 6.1 Short Blades
 + Level 6.1 Long Blades
 + Level 6.1 Axes
 + Level 6.1 Maces & Flails
 + Level 6.1 Polearms
 + Level 6.1 Staves
 + Level 6.1 Slings
 + Level 6.1 Bows
 + Level 6.1 Crossbows
 + Level 6.1 Throwing
 + Level 6.1 Armour
 + Level 7.7 Dodging
 + Level 7.5 Stealth
 + Level 6.1 Shields
 + Level 6.1 Unarmed Combat
 + Level 8.0 Spellcasting
 + Level 5.1 Conjurations
 + Level 5.1 Hexes
 + Level 5.1 Charms
 + Level 5.1 Summonings
 + Level 8.8 Necromancy
 + Level 5.1 Translocations
 + Level 5.1 Transmutations
 + Level 5.1 Fire Magic
 + Level 5.1 Ice Magic
 + Level 5.1 Air Magic
 + Level 5.1 Earth Magic
 + Level 5.1 Poison Magic
 + Level 6.7 Invocations
 + Level 6.1 Evocations


You had 6 spell levels left.
You knew the following spells:

 Your Spells              Type           Power        Failure   Level  Hunger
a - Sandblast             Erth           #####.       1%          1    None
d - Vampiric Draining     Necr           ######....   1%          3    None
n - Animate Skeleton      Necr           N/A          1%          1    None
p - Passwall              Tmut/Erth      #####.....   1%          2    None
r - Regeneration          Chrm/Necr      ######....   1%          3    None
v - Borgnjor's Vile Clut  Necr/Erth      ######....   7%          5    ####...
z - Pain                  Necr           ####         1%          1    None
N - Animate Dead          Necr           N/A          1%          4    #......


Dungeon Overview and Level Annotations

Branches:
Dungeon (13/15)            Temple (1/1) D:6            Lair (0/6) D:10
    Orc (0/2) D:11
 Vaults: D:13-14

Altars:
Ashenzari
Cheibriados
Dithmenos
Elyvilon
Gozag
Kikubaaqudgha
Makhleb
Qazlal
Sif Muna
Trog
Uskayaw
Wu Jian
The Shining One

Shops:
D:9 (

Annotations:
D:4 gmonis's ghost, novice DrBe


Innate Abilities, Weirdness & Mutations

Your experience applies equally to all skills.
You have very sharp teeth.
Your uncanny sense of smell can sniff out nearby items.
You have a pair of small antennae on your head.
You are partially covered in large bone plates. (SH +4)
You can translocate small distances at will.
You are covered in fur. (AC +1)


Message History

Your manticore skeleton bites the two-headed ogre.
Your manticore skeleton claws the two-headed ogre!
Your manticore skeleton claws the two-headed ogre.
Casting: Animate Skeleton
Confirm with . or Enter, or press ? or * to list all spells.
Aiming: Sandblast
Press: ? - help, Shift-Dir - straight line, f/p - two-headed ogre
Aim: a two-headed ogre, wielding two giant clubs (heavily wounded)
The blast of sand hits the two-headed ogre.
The two-headed ogre is severely wounded.
u - 61 stones
Casting: Sandblast
Confirm with . or Enter, or press ? or * to list all spells.
Aiming: Sandblast
Press: ? - help, Shift-Dir - straight line, f/p - two-headed ogre
Aim: a two-headed ogre, wielding two giant clubs (severely wounded)
The blast of sand hits the two-headed ogre.
You kill the two-headed ogre!
Cheibriados appreciates the change of pace.
Your Spellcasting skill increases to level 8!
u - 60 stones
Things that are here:
a giant club x2
You see here a javelin.
l - 8 javelins (gained 1)
A quasit comes into view.
The quasit gives a chilling moan.
A centaur warrior opens the door.
The centaur warrior unwields an uncursed crude short sword.
It stops flaming.
The centaur warrior wields a shortbow.
The centaur warrior shoots an arrow.
You block the arrow.
You see here an arrow.
The centaur warrior shoots an arrow.
The arrow hits your manticore skeleton!
The centaur warrior shoots an arrow.
The arrow completely misses your manticore skeleton.
You block the arrow.
A two-headed ogre comes into view.
It is wielding a giant club and a giant spiked club.
You see here an arrow.
The centaur warrior shoots an arrow.
You block the arrow.
The centaur warrior shoots an arrow.
The arrow hits your manticore skeleton!!
You hear a shout!
You see here an arrow.
The centaur warrior shoots an arrow.
The arrow hits your manticore skeleton!!
Your manticore skeleton closely misses the centaur warrior.
Your manticore skeleton claws the centaur warrior!
Your manticore skeleton closely misses the centaur warrior.
Your manticore skeleton bites the centaur warrior!
Your manticore skeleton barely misses the centaur warrior.
Your manticore skeleton claws the centaur warrior.
The centaur warrior shoots an arrow.
The arrow hits your manticore skeleton!!
Your manticore skeleton is destroyed!
You hear a deafening roar!
You hear an angry hiss.
You block the quasit's attack. The quasit misses you.
You block the quasit's attack.
The centaur warrior shoots an arrow.
The arrow misses you. The quasit closely misses you.
The quasit barely misses you.
The quasit claws you but does no damage.
The centaur warrior unwields an uncursed shortbow.
The centaur warrior wields an uncursed crude short sword {flame}.
It bursts into flame!
You block the centaur warrior's attack.
The centaur warrior hits you with an uncursed crude short sword {flame}!
The centaur warrior burns you. The quasit closely misses you.
The quasit completely misses you. x2
An orc knight comes into view. It is wielding a great mace.
Casting: Sandblast
Confirm with . or Enter, or press ? or * to list all spells.
Aiming: Borgnjor's Vile Clutch
Press: ? - help, Dir - move target cursor, f - you Decaying hands burst forth from the earth!
Zombie hands grab the two-headed ogre.
Zombie hands grab the centaur warrior.
Zombie hands grab the quasit.
The zombie hands constrict the centaur warrior!
The zombie hands constrict the two-headed ogre!
The zombie hands constrict the quasit!
The centaur warrior hits you with an uncursed crude short sword {flame}!
The centaur warrior burns you. The quasit completely misses you.
You block the quasit's attack. x2
The two-headed ogre hits you with a giant club!!
* * * LOW HITPOINT WARNING * * *
The two-headed ogre hits you with a giant spiked club!!
* * * LOW HITPOINT WARNING * * *
The centaur warrior closely misses you. The quasit closely misses you. x2
The quasit barely misses you.
Unknown command.
Okay, then.
Unknown command.
It was a potion of ambrosia.
You are confused.
You feel invigorated.
The zombie hands constrict the centaur warrior!
The zombie hands constrict the two-headed ogre!!
The zombie hands constrict the quasit.
You kill the quasit!
Cheibriados thoroughly appreciates the change of pace.
The centaur warrior hits you with an uncursed crude short sword {flame}!
You die...

... ..# ........# ..#
###..........# #'
..###............#O..
...##............#..
...##............'#
...##...........o#
.%.##..........Oc#
.........#......@#
.........#...((..# ∆
.........'....(..#
###......#.....(.+
###....#....)..#
#....#.......# ∆
#....######.(# #....#
#..... #....#
#.......


You could see an orc knight, a centaur warrior and a two-headed ogre.

Vanquished Creatures
  Erica (D:9)
  2 two-headed ogres
  An ugly thing (D:12)
  A manticore (D:13)
  A cyclops (D:12)
  A centaur zombie (D:12)
  Psyche (D:9)
  A troll (D:11)
  A hippogriff (D:9)
  A shadow (D:11)
  A wyvern (D:10)
  A wraith (D:12)
  A steam dragon (D:12)
  A hungry ghost (D:9)
  4 wargs (D:11)
  A water moccasin (D:11)
  3 porcupines
  3 ice beasts
  An orc warrior (D:10)
  2 black bears (D:10)
  An eye of draining (D:12)
  A phantom (D:5)
  2 centaurs (D:6)
  A wolf (D:8)
  4 ogres
  A big kobold (D:9)
  A crocodile (D:9)
  8 bullfrogs
  A wyvern zombie (D:10)
  A wyvern skeleton (D:10)
  6 scorpions
  3 wights (D:11)
  3 howler monkeys (D:9)
  A crimson imp (D:7)
  A quasit (D:13)
  5 jellies
  A hound (D:9)
  8 orc wizards
  4 iguanas
  5 worker ants
  A worker ant zombie (D:6)
  9 adders
  2 shadow imps (D:7)
  5 oozes (D:9)
  An adder skeleton (D:7)
  A worm (D:6)
  A leopard gecko (D:6)
  21 orcs
  2 giant cockroaches (D:1)
  9 goblins
  6 hobgoblins
  4 jackals (D:8)
  5 kobolds
  2 quokkas
  A bat (D:2)
  3 frilled lizards
  2 leopard gecko zombies (D:6)
  A quokka zombie (D:6)
  4 rats
  A plant (D:10)
168 creatures vanquished.

Vanquished Creatures (collateral kills)
  A bullfrog zombie (D:7)
  A jelly (D:9)
  2 orcs (D:10)
  A goblin (D:2)
  A kobold (D:9)
6 creatures vanquished.

Vanquished Creatures (others)
  5 fungi (D:10)
  2 plants (D:10)
7 creatures vanquished.

Grand Total: 181 creatures vanquished

Notes
Turn   | Place    | Note
-------+----------+-------------------------------------------
     0 | D:1      | tidbits the Gnoll Necromancer began the quest for the Orb.
     0 | D:1      | Reached XP level 1. HP: 13/13 MP: 6/6
   145 | D:2      | Reached XP level 2. HP: 16/20 MP: 4/7
   148 | D:2      | Learned a level 1 spell: Animate Skeleton
   273 | D:3      | Found a hide-covered altar of Uskayaw.
   341 | D:1      | You fall through a shaft!
   386 | D:2      | Found a burning altar of Makhleb.
   655 | D:1      | Reached XP level 3. HP: 25/25 MP: 7/9
   665 | D:1      | Learned a level 3 spell: Vampiric Draining
   669 | D:1      | Learned a level 3 spell: Regeneration
   728 | D:1      | Reached skill level 5 in Spellcasting
   850 | D:2      | Reached skill level 1 in Invocations
   934 | D:3      | Reached skill level 1 in Fighting
   934 | D:3      | Reached skill level 1 in Short Blades
   934 | D:3      | Reached skill level 1 in Long Blades
   934 | D:3      | Reached skill level 1 in Axes
   934 | D:3      | Reached skill level 1 in Maces & Flails
   934 | D:3      | Reached skill level 1 in Polearms
   934 | D:3      | Reached skill level 1 in Staves
   934 | D:3      | Reached skill level 1 in Slings
   934 | D:3      | Reached skill level 1 in Bows
   934 | D:3      | Reached skill level 1 in Crossbows
   934 | D:3      | Reached skill level 1 in Throwing
   934 | D:3      | Reached skill level 1 in Armour
   934 | D:3      | Reached skill level 1 in Shields
   934 | D:3      | Reached skill level 1 in Unarmed Combat
   934 | D:3      | Reached skill level 1 in Evocations
   934 | D:3      | Reached XP level 4. HP: 20/32 MP: 2/11
  1041 | D:4      | Reached skill level 1 in Conjurations
  1041 | D:4      | Reached skill level 1 in Hexes
  1041 | D:4      | Reached skill level 1 in Charms
  1041 | D:4      | Reached skill level 1 in Summonings
  1041 | D:4      | Reached skill level 1 in Translocations
  1041 | D:4      | Reached skill level 1 in Transmutations
  1041 | D:4      | Reached skill level 1 in Fire Magic
  1041 | D:4      | Reached skill level 1 in Ice Magic
  1041 | D:4      | Reached skill level 1 in Air Magic
  1041 | D:4      | Reached skill level 1 in Earth Magic
  1041 | D:4      | Reached skill level 1 in Poison Magic
  1041 | D:4      | Reached XP level 5. HP: 19/37 MP: 0/12
  1049 | D:4      | Learned a level 5 spell: Borgnjor's Vile Clutch
  1056 | D:5      | Entered Level 5 of the Dungeon
  1082 | D:4      | Noticed gmonis's ghost (novice DrBe)
  1137 | D:5      | Noticed a phantom
  1143 | D:6      | Found a staircase to the Ecumenical Temple.
  1143 | D:6      | Noticed an ogre
  1143 | D:6      | Noticed a centaur
  1152 | D:5      | Gained mutation: You have a pair of small antennae on your head. [potion of mutation]
  1152 | D:5      | Gained mutation: You are covered in fur. (AC +1) [potion of mutation]
  1152 | D:5      | Gained mutation: You can translocate small distances at will. [potion of mutation]
  1152 | D:5      | Gained mutation: You are partially covered in large bone plates. (SH +4) [potion of mutation]
  1160 | D:5      | Killed an ogre
  1161 | D:5      | Killed a phantom
  1161 | D:5      | Reached skill level 2 in Invocations
  1161 | D:5      | Reached XP level 6. HP: 11/44 MP: 8/14
  1236 | D:5      | Reached skill level 5 in Dodging
  1311 | D:6      | Reached skill level 2 in Fighting
  1311 | D:6      | Reached skill level 2 in Short Blades
  1311 | D:6      | Reached skill level 2 in Long Blades
  1311 | D:6      | Reached skill level 2 in Axes
  1311 | D:6      | Reached skill level 2 in Maces & Flails
  1311 | D:6      | Reached skill level 2 in Polearms
  1311 | D:6      | Reached skill level 2 in Staves
  1311 | D:6      | Reached skill level 2 in Slings
  1311 | D:6      | Reached skill level 2 in Bows
  1311 | D:6      | Reached skill level 2 in Crossbows
  1311 | D:6      | Reached skill level 2 in Throwing
  1311 | D:6      | Reached skill level 2 in Armour
  1311 | D:6      | Reached skill level 2 in Shields
  1311 | D:6      | Reached skill level 2 in Unarmed Combat
  1311 | D:6      | Reached skill level 2 in Evocations
  1335 | D:6      | Reached XP level 7. HP: 44/50 MP: 8/15
  1358 | Temple   | Entered the Ecumenical Temple
  1371 | Temple   | Became a worshipper of Cheibriados the Contemplative
  1389 | Temple   | Learned a level 4 spell: Animate Dead
  1535 | D:6      | Reached skill level 2 in Conjurations
  1535 | D:6      | Reached skill level 2 in Hexes
  1535 | D:6      | Reached skill level 2 in Charms
  1535 | D:6      | Reached skill level 2 in Summonings
  1535 | D:6      | Reached skill level 2 in Translocations
  1535 | D:6      | Reached skill level 2 in Transmutations
  1535 | D:6      | Reached skill level 2 in Fire Magic
  1535 | D:6      | Reached skill level 2 in Ice Magic
  1535 | D:6      | Reached skill level 2 in Air Magic
  1535 | D:6      | Reached skill level 2 in Earth Magic
  1535 | D:6      | Reached skill level 2 in Poison Magic
  1549 | D:6      | Reached skill level 5 in Stealth
  1574 | D:6      | Reached skill level 3 in Invocations
  1574 | D:6      | Reached XP level 8. HP: 36/57 MP: 0/16
  1755 | D:7      | Reached * piety under Cheibriados
  1755 | D:7      | Reached skill level 3 in Fighting
  1755 | D:7      | Reached skill level 3 in Short Blades
  1755 | D:7      | Reached skill level 3 in Long Blades
  1755 | D:7      | Reached skill level 3 in Axes
  1755 | D:7      | Reached skill level 3 in Maces & Flails
  1755 | D:7      | Reached skill level 3 in Polearms
  1755 | D:7      | Reached skill level 3 in Staves
  1755 | D:7      | Reached skill level 3 in Slings
  1755 | D:7      | Reached skill level 3 in Bows
  1755 | D:7      | Reached skill level 3 in Crossbows
  1755 | D:7      | Reached skill level 3 in Throwing
  1755 | D:7      | Reached skill level 3 in Armour
  1755 | D:7      | Reached skill level 3 in Shields
  1755 | D:7      | Reached skill level 3 in Unarmed Combat
  1755 | D:7      | Reached skill level 3 in Evocations
  1778 | D:7      | Found a glowing golden altar of the Shining One.
  1914 | D:8      | Reached skill level 6 in Spellcasting
  1935 | D:10     | Entered Level 10 of the Dungeon
  1991 | D:9      | Found Jity's Antique Weapon Emporium.
  2006 | D:9      | Noticed Erica
  2039 | D:9      | Noticed Psyche
  2066 | D:9      | Reached skill level 3 in Conjurations
  2066 | D:9      | Reached skill level 3 in Hexes
  2066 | D:9      | Reached skill level 3 in Charms
  2066 | D:9      | Reached skill level 3 in Summonings
  2066 | D:9      | Reached skill level 3 in Translocations
  2066 | D:9      | Reached skill level 3 in Transmutations
  2066 | D:9      | Reached skill level 3 in Fire Magic
  2066 | D:9      | Reached skill level 3 in Ice Magic
  2066 | D:9      | Reached skill level 3 in Air Magic
  2066 | D:9      | Reached skill level 3 in Earth Magic
  2066 | D:9      | Reached skill level 3 in Poison Magic
  2066 | D:9      | Reached skill level 4 in Invocations
  2127 | D:9      | Reached ** piety under Cheibriados
  2128 | D:9      | Reached skill level 6 in Dodging
  2128 | D:9      | Reached XP level 9. HP: 51/65 MP: 14/18
  2266 | D:9      | Learned a level 2 spell: Passwall
  2268 | D:9      | Learned a level 1 spell: Sandblast
  2279 | D:9      | Killed Psyche
  2279 | D:9      | Reached skill level 4 in Fighting
  2279 | D:9      | Reached skill level 4 in Short Blades
  2279 | D:9      | Reached skill level 4 in Long Blades
  2279 | D:9      | Reached skill level 4 in Axes
  2279 | D:9      | Reached skill level 4 in Maces & Flails
  2279 | D:9      | Reached skill level 4 in Polearms
  2279 | D:9      | Reached skill level 4 in Staves
  2279 | D:9      | Reached skill level 4 in Slings
  2279 | D:9      | Reached skill level 4 in Bows
  2279 | D:9      | Reached skill level 4 in Crossbows
  2279 | D:9      | Reached skill level 4 in Throwing
  2279 | D:9      | Reached skill level 4 in Armour
  2279 | D:9      | Reached skill level 4 in Shields
  2279 | D:9      | Reached skill level 4 in Unarmed Combat
  2279 | D:9      | Reached skill level 4 in Evocations
  2332 | D:9      | Reached skill level 6 in Stealth
  2332 | D:9      | Reached skill level 8 in Necromancy
  2438 | D:9      | Killed Erica
  2438 | D:9      | Reached skill level 5 in Invocations
  2444 | D:9      | Reached XP level 10. HP: 35/73 MP: 8/20
  2451 | D:9      | Reached skill level 7 in Spellcasting
  2478 | D:9      | Found an ancient bone altar of Kikubaaqudgha.
  2533 | D:9      | Reached skill level 4 in Conjurations
  2533 | D:9      | Reached skill level 4 in Hexes
  2533 | D:9      | Reached skill level 4 in Charms
  2533 | D:9      | Reached skill level 4 in Summonings
  2533 | D:9      | Reached skill level 4 in Translocations
  2533 | D:9      | Reached skill level 4 in Transmutations
  2533 | D:9      | Reached skill level 4 in Fire Magic
  2533 | D:9      | Reached skill level 4 in Ice Magic
  2533 | D:9      | Reached skill level 4 in Air Magic
  2533 | D:9      | Reached skill level 4 in Earth Magic
  2533 | D:9      | Reached skill level 4 in Poison Magic
  2556 | D:10     | Reached *** piety under Cheibriados
  2579 | D:10     | Reached skill level 5 in Fighting
  2579 | D:10     | Reached skill level 5 in Short Blades
  2579 | D:10     | Reached skill level 5 in Long Blades
  2579 | D:10     | Reached skill level 5 in Axes
  2579 | D:10     | Reached skill level 5 in Maces & Flails
  2579 | D:10     | Reached skill level 5 in Polearms
  2579 | D:10     | Reached skill level 5 in Staves
  2579 | D:10     | Reached skill level 5 in Slings
  2579 | D:10     | Reached skill level 5 in Bows
  2579 | D:10     | Reached skill level 5 in Crossbows
  2579 | D:10     | Reached skill level 5 in Throwing
  2579 | D:10     | Reached skill level 5 in Armour
  2579 | D:10     | Reached skill level 5 in Shields
  2579 | D:10     | Reached skill level 5 in Unarmed Combat
  2579 | D:10     | Reached skill level 5 in Evocations
  2589 | D:10     | Found a staircase to the Lair.
  2635 | D:10     | Reached skill level 7 in Dodging
  2917 | D:11     | Reached **** piety under Cheibriados
  2929 | D:11     | Reached skill level 6 in Invocations
  2936 | D:11     | Found a staircase to the Orcish Mines.
  2967 | D:10     | Noticed a two-headed ogre
  2974 | D:10     | Killed a two-headed ogre
  2974 | D:10     | Reached skill level 7 in Stealth
  3048 | D:12     | Reached XP level 11. HP: 71/81 MP: 15/22
  3065 | D:12     | Noticed a cyclops
  3070 | D:12     | Killed a cyclops
  3131 | D:12     | Noticed a green ugly thing
  3144 | D:12     | Killed a green ugly thing
  3144 | D:12     | Reached skill level 6 in Fighting
  3144 | D:12     | Reached skill level 6 in Short Blades
  3144 | D:12     | Reached skill level 6 in Long Blades
  3144 | D:12     | Reached skill level 6 in Axes
  3144 | D:12     | Reached skill level 6 in Maces & Flails
  3144 | D:12     | Reached skill level 6 in Polearms
  3144 | D:12     | Reached skill level 6 in Staves
  3144 | D:12     | Reached skill level 6 in Slings
  3144 | D:12     | Reached skill level 6 in Bows
  3144 | D:12     | Reached skill level 6 in Crossbows
  3144 | D:12     | Reached skill level 6 in Throwing
  3144 | D:12     | Reached skill level 6 in Armour
  3144 | D:12     | Reached skill level 6 in Shields
  3144 | D:12     | Reached skill level 6 in Unarmed Combat
  3144 | D:12     | Reached skill level 6 in Evocations
  3152 | D:12     | Noticed a five-headed hydra
  3177 | D:13     | Noticed a two-headed ogre
  3177 | D:13     | Reached skill level 5 in Conjurations
  3177 | D:13     | Reached skill level 5 in Hexes
  3177 | D:13     | Reached skill level 5 in Charms
  3177 | D:13     | Reached skill level 5 in Summonings
  3177 | D:13     | Reached skill level 5 in Translocations
  3177 | D:13     | Reached skill level 5 in Transmutations
  3177 | D:13     | Reached skill level 5 in Fire Magic
  3177 | D:13     | Reached skill level 5 in Ice Magic
  3177 | D:13     | Reached skill level 5 in Air Magic
  3177 | D:13     | Reached skill level 5 in Earth Magic
  3177 | D:13     | Reached skill level 5 in Poison Magic
  3198 | D:13     | Noticed a manticore
  3204 | D:13     | Killed a manticore
  3235 | D:13     | Killed a two-headed ogre
  3235 | D:13     | Reached skill level 8 in Spellcasting
  3243 | D:13     | Noticed a centaur warrior
  3244 | D:13     | Noticed a two-headed ogre
  3248 | D:13     | Noticed an orc knight
  3248 | D:13     | HP: 5/81 [two-headed ogre/giant club (19)]
  3249 | D:13     | Identified the +7 short sword of Kaizxu {flame, Int+3}
  3249 | D:13     | Slain by a centaur warrior

Vault maps used:
D:1:      dpeg_arrival_water_temple_mockup, nrook_mini_backslash
D:2:      kennysheep_the_goblin_king, gammafunk_temple_overflow_wave,
          bloody_makhleb, chequers_ecumenical_altar_simple_redux,
          hangedman_decor_growths, kennysheep_pointless_box, uniq_jessica
D:3:      nicolae_overflow_crystal_walls, yredelemnul_forgotten_temple_becter
D:4:      first_ration
D:5:      serial_park_tiny_2, kennysheep_boxes
D:6:      minmay_temple_entry_butterflies, minivault_23
D:7:      tso_metal_star
D:8:      lemuel_crystal_altar, serial_ice, serial_ice_a, serial_ice_m,
          serial_ice_h, serial_ice_b, grunt_decor_clamped, uniq_grum
D:9:      old_standard_altar, serial_shops, shop,
          hangedman_little_slice_of_home, roderic_lattice_a, uniq_erica,
          uniq_psyche
D:10:     due_lair_maze_entry_diamond
D:11:     minmay_orc_entry_guard_dogs, uniq_josephine
D:12:     minmay_misc_feat_nine_boxes, jmf_multi_god_temple2
D:13:     minmay_the_grid_square_5x5_4x4, hangedman_abyss_or_decor_lesser_grid,
          uniq_azrael
Temple:   zaba_magenta_temple

Skill      XL: |  1  2  3  4  5  6  7  8  9 10 11 |
---------------+----------------------------------+-----
Spellcasting   | 5 6 7 8 |  8.0
Invocations    | 1 2 3 4 5 6 |  6.7
Fighting       | 1 2 3 4 5 6 |  6.1
Short Blades   | 1 2 3 4 5 6 |  6.1
Long Blades    | 1 2 3 4 5 6 |  6.1
Axes           | 1 2 3 4 5 6 |  6.1
Maces & Flails | 1 2 3 4 5 6 |  6.1
Polearms       | 1 2 3 4 5 6 |  6.1
Staves         | 1 2 3 4 5 6 |  6.1
Slings         | 1 2 3 4 5 6 |  6.1
Bows           | 1 2 3 4 5 6 |  6.1
Crossbows      | 1 2 3 4 5 6 |  6.1
Throwing       | 1 2 3 4 5 6 |  6.1
Armour         | 1 2 3 4 5 6 |  6.1
Shields        | 1 2 3 4 5 6 |  6.1
Unarmed Combat | 1 2 3 4 5 6 |  6.1
Evocations     | 1 2 3 4 5 6 |  6.1
Conjurations   | 1 2 3 4 5 |  5.1
Hexes          | 1 2 3 4 5 |  5.1
Charms         | 1 2 3 4 5 |  5.1
Summonings     | 1 2 3 4 5 |  5.1
Translocations | 1 2 3 4 5 |  5.1
Transmutations | 1 2 3 4 5 |  5.1
Fire Magic     | 1 2 3 4 5 |  5.1
Ice Magic      | 1 2 3 4 5 |  5.1
Air Magic      | 1 2 3 4 5 |  5.1
Earth Magic    | 1 2 3 4 5 |  5.1
Poison Magic   | 1 2 3 4 5 |  5.1
Dodging        | 5 6 7 |  7.7
Stealth        | 5 6 7 |  7.5
Necromancy     | 8 |  8.8

Action                   |  1- 3 |  4- 6 |  7- 9 | 10-12 || total
-------------------------+-------+-------+-------+-------++-------
Melee: Short sword       |    17 |    23 |       |       ||    40
       Whip              |       |    31 |   166 |    22 ||   219
       Bite              |       |     3 |    20 |    13 ||    36
       Unarmed           |       |       |     4 |       ||     4
       Punch             |       |       |     3 |       ||     3
       Dagger            |       |       |     2 |     9 ||    11
       Scimitar          |       |       |       |    34 ||    34
Throw: Javelin           |       |       |       |     1 ||     1
 Cast: Pain              |    40 |    17 |    33 |       ||    90
       Animate Skeleton  |     1 |       |     3 |     5 ||     9
       Regeneration      |       |     5 |     1 |     4 ||    10
       Borgnjor's Vile C |       |     1 |     2 |    11 ||    14
       Vampiric Draining |       |     3 |    19 |       ||    22
       Sandblast         |       |       |    10 |    42 ||    52
       Passwall          |       |       |     2 |     3 ||     5
       Animate Dead      |       |       |       |     1 ||     1
Invok: Bend Time         |       |       |       |     4 ||     4
 Abil: Blink             |       |     2 |       |       ||     2
Evoke: Wand              |       |     3 |     8 |     2 ||    13
  Use: Scroll            |     5 |     1 |     1 |     5 ||    12
       Potion            |       |     5 |     2 |     3 ||    10
 Stab: Sleeping          |     1 |     1 |     4 |     8 ||    14
  Eat: Ration            |       |     1 |       |       ||     1
       Chunk             |       |       |     2 |     6 ||     8
Armor: Robe              |       |    10 |    18 |     4 ||    32
       Skin              |       |       |     1 |       ||     1
Dodge: Dodged            |    19 |    41 |   107 |    59 ||   226
Block: Other             |       |    15 |    27 |       ||    42
       Buckler           |       |       |    27 |    66 ||    93
       Rpst.: Scimitar   |       |       |       |     8 ||     8

Table legend:
 A = Spawn XP
 B = Non-spawn XP
 C = Spawn XP percentage of total XP
 D = Spawn monster count
 E = Non-spawn monster count
 F = Spawn count percentage of total count
 G = Total turns spent on level
                    A         B        C        D         E        F      G
               +---------+---------+-------+---------+---------+-------+---------
         Total |       0 |   12910 |   0.0 |       0 |     173 |   0.0 |  3249
               +---------+---------+-------+---------+---------+-------+---------
           D:1 |       0 |      22 |   0.0 |       0 |      13 |   0.0 |   259
           D:2 |       0 |      38 |   0.0 |       0 |      16 |   0.0 |   595
           D:3 |       0 |      15 |   0.0 |       0 |       2 |   0.0 |    85
           D:4 |       0 |      97 |   0.0 |       0 |       7 |   0.0 |   131
           D:5 |       0 |     281 |   0.0 |       0 |       8 |   0.0 |   233
           D:6 |       0 |     661 |   0.0 |       0 |      19 |   0.0 |   220
           D:7 |       0 |     404 |   0.0 |       0 |      13 |   0.0 |   304
           D:8 |       0 |     238 |   0.0 |       0 |       7 |   0.0 |    71
           D:9 |       0 |    3236 |   0.0 |       0 |      36 |   0.0 |   595
          D:10 |       0 |    2538 |   0.0 |       0 |      23 |   0.0 |   224
          D:11 |       0 |    1588 |   0.0 |       0 |      15 |   0.0 |   265
          D:12 |       0 |    2301 |   0.0 |       0 |      10 |   0.0 |   155
          D:13 |       0 |    1491 |   0.0 |       0 |       4 |   0.0 |    80
               +---------+---------+-------+---------+---------+-------+---------

Table legend:
 A = Turns spent in this place as a percentage of turns spent in the entire game.
 B = Non-inter-level travel turns spent in this place as a percentage of non-inter-level travel turns spent in the entire game.
 C = Inter-level travel turns spent in this place as a percentage of turns spent in this place.
 D = Turns resting spent in this place as a percentage of non-inter-level travel turns spent in this place.
 E = Turns spent auto-exploring this place as a percentage of non-inter-level travel turns spent in this place.
 F = Non-inter-level travel turns spent in this place divided by the number of levels of this place that you've seen.
                   A       B       C       D       E      F
               +-------+-------+-------+-------+-------+----------------------
         Total | 100.0 | 100.0 |   5.8 |   0.0 |   0.0 | 218.6
       Dungeon |  99.0 |  99.3 |   5.5 |   0.0 |   0.0 | 233.9
        Temple |   1.0 |   0.7 |  37.5 |   0.0 |   0.0 |  20.0
               +-------+-------+-------+-------+-------+----------------------

Table legend:
 A = Kills in this place as a percentage of kills in entire the game.
 B = Kills by you in this place as a percentage of kills by you in the entire game.
 C = Kills by friends in this place as a percentage of kills by friends in the entire game.
 D = Other kills in this place as a percentage of other kills in the entire game.
 E = Experience gained in this place as a percentage of experience gained in the entire game.
 F = Experience gained in this place divided by the number of levels of this place that you have seen.
                   A       B       C       D       E      F
               +-------+-------+-------+-------+-------+----------------------
         Total | 100.0 | 100.0 | 100.0 |   N/A | 100.0 | 922.1
       Dungeon | 100.0 | 100.0 | 100.0 |   N/A | 100.0 | 993.1
               +-------+-------+-------+-------+-------+----------------------

Vault maps used:
D:1:      dpeg_arrival_water_temple_mockup, nrook_mini_backslash
D:2:      kennysheep_the_goblin_king, gammafunk_temple_overflow_wave,
          bloody_makhleb, chequers_ecumenical_altar_simple_redux,
          hangedman_decor_growths, kennysheep_pointless_box, uniq_jessica
D:3:      nicolae_overflow_crystal_walls, yredelemnul_forgotten_temple_becter
D:4:      first_ration
D:5:      serial_park_tiny_2, kennysheep_boxes
D:6:      minmay_temple_entry_butterflies, minivault_23
D:7:      tso_metal_star
D:8:      lemuel_crystal_altar, serial_ice, serial_ice_a, serial_ice_m,
          serial_ice_h, serial_ice_b, grunt_decor_clamped, uniq_grum
D:9:      old_standard_altar, serial_shops, shop,
          hangedman_little_slice_of_home, roderic_lattice_a, uniq_erica,
          uniq_psyche
D:10:     due_lair_maze_entry_diamond
D:11:     minmay_orc_entry_guard_dogs, uniq_josephine
D:12:     minmay_misc_feat_nine_boxes, jmf_multi_god_temple2
D:13:     minmay_the_grid_square_5x5_4x4, hangedman_abyss_or_decor_lesser_grid,
          uniq_azrael
Temple:   zaba_magenta_temple
